 Dungeon Crawl Stone Soup version 0.24-a0-280-g7cec4da (webtiles) character file.

Game seed: 15878090087354138511

1813 Firecrotchwizard the Cleaver (level 8, -7/71 HPs)
             Began as a Minotaur Gladiator on May 4, 2019.
             Was a Follower of Makhleb.
             Mangled by an orc warrior
             ... wielding a +0 morningstar
              (10 damage)
             ... on level 7 of the Dungeon.
             The game lasted 00:10:59 (6556 turns).

Firecrotchwizard the Cleaver (Minotaur Gladiator)   Turns: 6556, Time: 00:10:59

Health: -7/71      AC: 12    Str: 20    XL:     8   Next: 84%
Magic:  7/7        EV: 11    Int:  5    God:    Makhleb [*.....]
Gold:   294        SH:  0    Dex: 13    Spells: 7/7 levels left

rFire    . . .     SeeInvis .   y - +1 hand axe (chop)
rCold    . . .     Gourm    .   (no shield)
rNeg     . . .     Faith    .   g - +0 chain mail
rPois    .         Spirit   .   c - +1 hat
rElec    .         Reflect  .   (no cloak)
rCorr    .         Harm     .   s - +0 pair of gloves
MR       .....                  (no boots)
Stlth    ..........             (no amulet)
HPRegen  0.21/turn              (no ring)
MPRegen  0.10/turn              (no ring)

@: no status effects
A: retaliatory headbutt, horns 2
a: Renounce Religion


You were on level 7 of the Dungeon.
You worshipped Makhleb.
Makhleb was aware of your devotion.
You were not hungry.

You visited 2 branches of the dungeon, and saw 8 of its levels.

You collected 294 gold pieces.

Inventory:

Hand Weapons
 a - a +0 war axe
 y - a +1 hand axe of chopping (weapon)
   (You took it off an orc on level 6 of the Dungeon)
Missiles
 d - 3 throwing nets {=f, !d}
Armour
 b - a +0 leather armour
 c - a +1 hat (worn)
 g - a +0 chain mail (worn)
   (You found it on level 1 of the Dungeon)
 s - a +0 pair of gloves (worn)
   (You found it on level 2 of the Dungeon)
Wands
 t - a wand of digging (7)
   (You found it on level 4 of the Dungeon)
Scrolls
 e - 5 scrolls of teleportation
 j - 3 scrolls of amnesia {unknown}
 q - 5 scrolls of identify {unknown}
 w - 2 scrolls of remove curse
 z - a scroll of vulnerability {unknown}
Potions
 h - 5 potions of curing {unknown}
 i - a potion of mutation {unknown}
 k - 2 potions of invisibility {unknown}
 m - 3 potions of agility
 n - a potion of berserk rage {unknown}
 p - 2 potions of might {unknown}
 r - 2 potions of haste {unknown}
 u - a potion of magic {unknown}
 v - 3 potions of heal wounds {unknown}
 x - a potion of ambrosia {unknown}
Comestibles
 f - 16 rations
 l - 6 chunks of flesh {@w0}


   Skills:
 + Level 6.5 Fighting
 * Level 9.3 Axes
 - Level 2.3 Throwing
 + Level 5.7 Armour
 + Level 6.5 Dodging


You had 7 spell levels left.
You didn't know any spells.
Your spell library contained the following spells:

 Spells                   Type           Power        Failure   Level  Hunger
 Magic Dart               Conj           #...         99%         1    ##.....
 Searing Ray              Conj           #.....       100%        2    ###....
 Dazzling Spray           Conj/Hex       #.....       100%        3    ####...
 Force Lance              Conj/Tloc      #.......     100%        4    #####..
 Fulminant Prism          Conj/Hex       #.........   100%        4    #####..
 Iskenderun's Mystic Bla  Conj           #.......     100%        4    #####..


Dungeon Overview and Level Annotations

Branches:
Dungeon (7/15)             Temple (1/1) D:5

Altars:
Ashenzari
Cheibriados
Dithmenos
Elyvilon
Fedhas
Gozag
Hepliaklqana
Kikubaaqudgha
Makhleb
Nemelex Xobeh
Okawaru
Qazlal
Ru
Sif Muna
Trog
Uskayaw
Vehumet
Wu Jian
Xom
Yredelemnul
Zin
The Shining One

Annotations:
D:2 2 transporters
D:6 2 runed translucent doors, Crazy Yiuf; kylix's ghost, novice VSMo


Innate Abilities, Weirdness & Mutations

You reflexively headbutt those who attack you in melee.
You have a pair of horns on your head.


Message History

You start resting.
Eating one of 8 chunks of flesh {@w0}.
You eat one of the 8 chunks of flesh {@w0}.
Health restored: 71 Drop what? 26/52 slots (_ for help) (? for menu, Esc to quit)
You drop a cursed +0 halberd.
Eating one of 7 chunks of flesh {@w0}.
You eat one of the 7 chunks of flesh {@w0}.
Found a stone staircase leading down.
You now have 294 gold pieces (gained 8).
You open the door.
An orc warrior and an orc priest come into view.
The orc warrior shouts!
The orc priest shouts!
There is an open door here.
There are monsters nearby!
An orc comes into view. It is wielding a +0 morningstar.
The orc shouts!
The orc warrior barely misses you. You furiously retaliate!
You headbutt the orc warrior, but do no damage.
You barely miss the orc warrior. You hit the orc warrior.
Your chain mail prevents you from hitting the orc warrior.
Your headbutt misses the orc warrior. The orc warrior closely misses you.
You hit the orc warrior. You headbutt the orc warrior.
You hit the orc priest but do no damage.
The orc priest hits you but does no damage.
You hit the orc warrior.
You headbutt the orc warrior, but do no damage.
You hit the orc priest.
The orc warrior hits you with a +0 morningstar!
The orc priest misses you.
You take 9 damage, and have 62/71 hp.
You hit the orc warrior.
Your chain mail prevents you from hitting the orc priest.
The orc warrior barely misses you.
The orc priest hits you but does no damage.
You hit the orc priest but do no damage.
You headbutt the orc priest.
You hit the orc warrior but do no damage.
The orc warrior hits you with a +0 morningstar!
You take 8 damage, and have 54/71 hp.
You barely miss the orc priest. You barely miss the orc warrior.
The orc priest calls upon Beogh to heal the orc warrior.
The orc warrior is healed somewhat.
You hit the orc priest but do no damage.
You headbutt the orc priest.
You hit the orc warrior but do no damage.
The orc warrior hits you with a +0 morningstar!
The orc priest hits you but does no damage.
You take 8 damage, and have 46/71 hp.
You hit the orc priest but do no damage.
Your headbutt misses the orc priest. You barely miss the orc warrior.
The orc priest hits you but does no damage.
The orc warrior misses you.
You hit the orc priest. You closely miss the orc warrior.
The orc priest calls down the wrath of Beogh upon you.
Pain shoots through your body!
You take 6 damage, and have 40/71 hp.
You hit the orc priest.
You kill the orc priest!
Makhleb accepts your kill.
You closely miss the orc warrior.
The orc warrior hits you with a +0 morningstar!
You take 10 damage, and have 30/71 hp.
You slash the orc!
You kill the orc!
Makhleb accepts your kill.
You hit the orc warrior. The orc warrior barely misses you.
The orc warrior misses you.
Items here: )) [ † a +0 morningstar; a +0 falchion; a +0 leather armour; an orc corpse You hit the orc warrior.
Your chain mail prevents you from hitting the orc warrior.
The orc warrior hits you but does no damage.
You barely miss the orc warrior.
You headbutt the orc warrior, but do no damage.
The orc warrior completely misses you. You furiously retaliate!
You headbutt the orc warrior. You barely miss the orc warrior.
You barely miss the orc warrior. Your headbutt misses the orc warrior.
The orc warrior hits you with a +0 morningstar!
You take 7 damage, and have 24/71 hp.
You hit the orc warrior.
The orc warrior hits you with a +0 morningstar.
* * * LOW HITPOINT WARNING * * *
You take 5 damage, and have 19/71 hp.
You barely miss the orc warrior. You hit the orc warrior.
The orc warrior hits you with a +0 morningstar!
* * * LOW HITPOINT WARNING * * *
You take 17 damage, and have 2/71 hp.
MASSIVE DAMAGE!!
You closely miss the orc warrior.
You headbutt the orc warrior, but do no damage.
The orc warrior barely misses you.
You hit the orc warrior but do no damage.
You headbutt the orc warrior, but do no damage.
You hit the orc warrior but do no damage.
You headbutt the orc warrior.
The orc warrior hits you with a +0 morningstar!
You die...

#........#
######........#
#...##........#
#...##........#
####...##........#
..+...'..>......#
#.#...###.#..####
#.#...# #.##.##
#.@o.## #.##..# ##
#......####
#.###.# .. #......
####.###.###..
#......
.......)÷)....
#......
##...###)##.#.
#......
#...###....#.
####### +........
####.#<.. #..###


You could see an orc warrior.

Vanquished Creatures
  A hornet (D:6)
  A hippogriff (D:4)
  Menkaure (D:6)
  An orc warrior (D:6)
  2 necrophages
  A sky beast (D:6)
  An ogre (D:4)
  A gnoll sergeant (D:7)
  A scorpion (D:4)
  3 hounds
  4 orc priests
  2 jellies (D:5)
  3 orc wizards
  4 worker ants
  10 gnolls
  10 adders
  A river rat (D:6)
  An ooze (D:3)
  An adder zombie (D:4)
  2 adder skeletons (D:5)
  3 worms
  3 dart slugs
  8 leopard geckos
  24 orcs
  7 bats
  6 giant cockroaches
  9 hobgoblins
  11 kobolds
  2 quokkas
  4 frilled lizards
  6 goblins
  A quokka skeleton (D:6)
  9 rats
  A spectral orc (D:5)
145 creatures vanquished.

Notes
Turn   | Place    | Note
-------+----------+-------------------------------------------
     0 | D:1      | Firecrotchwizard the Minotaur Gladiator began the quest for
                  | the Orb.
     0 | D:1      | Reached XP level 1. HP: 18/18 MP: 0/0
   105 | D:1      | HP: 2/18 [hobgoblin (3)]
   555 | D:1      | Reached XP level 2. HP: 17/25 MP: 1/1
  1153 | D:1      | Reached skill level 4 in Axes
  1477 | D:2      | Found a transporter.
  1477 | D:2      | Found a shadowy altar of Dithmenos.
  1481 | D:2      | Reached XP level 3. HP: 30/30 MP: 2/2
  1503 | D:2      | Found a transporter.
  1528 | D:2      | Reached skill level 3 in Fighting
  1871 | D:3      | Found a white marble altar of Elyvilon.
  1877 | D:3      | Reached skill level 1 in Armour
  1877 | D:3      | Reached XP level 4. HP: 12/38 MP: 3/3
  1877 | D:3      | HP: 5/38 [orc wizard/magic dart (7)]
  1881 | D:3      | Reached skill level 4 in Dodging
  1883 | D:3      | HP: 4/38 [poisoned by an orc]
  2193 | D:3      | Reached skill level 5 in Axes
  2293 | D:3      | Reached XP level 5. HP: 45/45 MP: 4/4
  2379 | D:3      | Reached skill level 2 in Armour
  2877 | D:4      | Reached skill level 4 in Fighting
  3024 | D:4      | Reached XP level 6. HP: 52/52 MP: 5/5
  3269 | D:4      | Reached skill level 6 in Axes
  3274 | D:4      | Found a hide-covered altar of Uskayaw.
  3279 | D:4      | Reached skill level 3 in Armour
  3415 | D:4      | Noticed a hippogriff
  3427 | D:4      | Killed a hippogriff
  3427 | D:4      | Reached skill level 5 in Dodging
  3427 | D:4      | Reached XP level 7. HP: 33/60 MP: 6/6
  3748 | D:4      | Found a shimmering altar of Xom.
  3792 | D:4      | Reached skill level 5 in Fighting
  3792 | D:4      | Reached skill level 7 in Axes
  3888 | D:4      | You fall through a shaft for 2 floors!
  3938 | D:6      | Found a bloodstained altar of Trog.
  3991 | D:6      | Reached skill level 4 in Armour
  4236 | D:6      | Noticed Menkaure
  4243 | D:5      | Entered Level 5 of the Dungeon
  4260 | D:5      | Found a glowing golden altar of the Shining One.
  4331 | D:5      | Found a staircase to the Ecumenical Temple.
  4341 | Temple   | Entered the Ecumenical Temple
  4576 | Temple   | Became a worshipper of Makhleb the Destroyer
  4651 | D:5      | Found a basalt altar of Yredelemnul.
  4678 | D:5      | Reached XP level 8. HP: 69/69 MP: 7/7
  4856 | D:5      | Reached skill level 8 in Axes
  5459 | D:6      | Killed Menkaure
  5564 | D:6      | Reached skill level 5 in Armour
  5572 | D:6      | Reached skill level 6 in Dodging
  5581 | D:6      | Found a runed translucent door.
  5640 | D:6      | Reached * piety under Makhleb
  5640 | D:6      | Reached skill level 6 in Fighting
  5972 | D:6      | Found a runed translucent door.
  5973 | D:6      | Noticed Crazy Yiuf
  6180 | D:6      | Noticed kylix's ghost (novice VSMo)
  6204 | D:7      | Noticed a hornet
  6218 | D:6      | Killed a hornet
  6218 | D:6      | Reached skill level 9 in Axes
  6553 | D:7      | HP: 2/71 [orc warrior/+0 morningstar (17)]
  6556 | D:7      | Mangled by an orc warrior

Levels and vault maps discovered:
D:1:      nagdon_arrival_double_spiral, layout_basic
D:2:      layout_loops_ring, gammafunk_temple_overflow_arena,
          minmay_misc_feat_chi
D:3:      minmay_diamond_boxcup, layout_basic, elyvilon_altar_5, first_ration,
          glass_columns_a
D:4:      layout_loops_corners, tgw_xom, eat_drink_and_be_merry_uskayaw
D:5:      layout_gridville, yredelemnul_forgotten_temple_becter,
          old_standard_altar, minmay_temple_entry_grid, serial_glass,
          glass_columns_a, glass_columns_b, minmay_small_thing
D:6:      layout_loops_ring, kennysheep_mini, portal_sewer_entry_b,
          ebering_ghost_sewer_d, uniq_crazy_yiuf_cottage, uniq_menkaure
D:7:      cheibrodos_two_vegetables, layout_basic, serial_shops,
          nicolae_shop_statue_plus, kennysheep_opposing_triangles
Temple:   regret_index_temple_generic_petals

Skill      XL: |  1  2  3  4  5  6  7  8 |
---------------+-------------------------+-----
Axes           | 4 5 6 7 9 |  9.3
Fighting       | 3 4 5 6 |  6.5
Armour         | 1 2 3 4 5 |  5.7
Dodging        | 4 5 6 |  6.5
Throwing       | |  2.3

Action                   |  1- 3 |  4- 6 |  7- 9 || total
-------------------------+-------+-------+-------++-------
Melee: War axe           |    69 |   114 |   120 ||   303
       Headbutt          |    14 |    26 |    50 ||    90
       Hand axe          |       |       |    83 ||    83
  Use: Scroll            |     6 |       |       ||     6
       Potion            |     2 |       |       ||     2
  Eat: Chunk             |     3 |     5 |     7 ||    15
       Ration            |       |       |     1 ||     1
Armor: Leather armour    |    11 |       |       ||    11
       Chain mail        |    28 |    54 |    91 ||   173
Dodge: Dodged            |    38 |    54 |    86 ||   178

Table legend:
 A = Non-vault XP
 B = Vault XP
 C = Vault XP percentage of total XP
 D = Non-vault monster count
 E = Vault monster count
 F = Vault count percentage of total count
                 A         B        C        D         E       F
            +---------+---------+-------+---------+---------+-------
      Total |    2345 |     245 |   9.5 |     129 |      16 |  11.0
            +---------+---------+-------+---------+---------+-------
        D:1 |      31 |       0 |   0.0 |      16 |       0 |   0.0
        D:2 |      25 |       0 |   0.0 |      15 |       0 |   0.0
        D:3 |     246 |      26 |   9.6 |      33 |       8 |  19.5
        D:4 |     711 |       0 |   0.0 |      21 |       0 |   0.0
        D:5 |     306 |      44 |  12.6 |      14 |       2 |  12.5
        D:6 |     850 |     175 |  17.1 |      24 |       6 |  20.0
        D:7 |     176 |       0 |   0.0 |       6 |       0 |   0.0
            +---------+---------+-------+---------+---------+-------

Levels and vault maps discovered:
D:1:      nagdon_arrival_double_spiral, layout_basic
D:2:      layout_loops_ring, gammafunk_temple_overflow_arena,
          minmay_misc_feat_chi
D:3:      minmay_diamond_boxcup, layout_basic, elyvilon_altar_5, first_ration,
          glass_columns_a
D:4:      layout_loops_corners, tgw_xom, eat_drink_and_be_merry_uskayaw
D:5:      layout_gridville, yredelemnul_forgotten_temple_becter,
          old_standard_altar, minmay_temple_entry_grid, serial_glass,
          glass_columns_a, glass_columns_b, minmay_small_thing
D:6:      layout_loops_ring, kennysheep_mini, portal_sewer_entry_b,
          ebering_ghost_sewer_d, uniq_crazy_yiuf_cottage, uniq_menkaure
D:7:      cheibrodos_two_vegetables, layout_basic, serial_shops,
          nicolae_shop_statue_plus, kennysheep_opposing_triangles
Temple:   regret_index_temple_generic_petals

Table legend:
 A = Turns spent in this place as a percentage of turns spent in the entire game.
 B = Non-inter-level travel turns spent in this place as a percentage of non-inter-level travel turns spent in the entire game.
 C = Inter-level travel turns spent in this place as a percentage of turns spent in this place.
 D = Turns resting spent in this place as a percentage of non-inter-level travel turns spent in this place.
 E = Turns spent auto-exploring this place as a percentage of non-inter-level travel turns spent in this place.
 F = Non-inter-level travel turns spent in this place divided by the number of levels of this place that you've seen.
                   A       B       C       D       E      F
               +-------+-------+-------+-------+-------+----------------------
         Total | 100.0 | 100.0 |   4.3 |  26.8 |  59.3 | 784.5
       Dungeon |  95.9 |  97.1 |   3.1 |  27.6 |  58.1 | 870.1
        Temple |   4.1 |   2.9 |  30.7 |   0.0 |  98.9 | 185.0
               +-------+-------+-------+-------+-------+----------------------

Table legend:
 A = Kills in this place as a percentage of kills in entire the game.
 B = Kills by you in this place as a percentage of kills by you in the entire game.
 C = Kills by friends in this place as a percentage of kills by friends in the entire game.
 D = Other kills in this place as a percentage of other kills in the entire game.
 E = Experience gained in this place as a percentage of experience gained in the entire game.
 F = Experience gained in this place divided by the number of levels of this place that you have seen.
                   A       B       C       D       E      F
               +-------+-------+-------+-------+-------+----------------------
         Total | 100.0 | 100.0 |   N/A |   N/A | 100.0 | 323.8
       Dungeon | 100.0 | 100.0 |   N/A |   N/A | 100.0 | 370.0
               +-------+-------+-------+-------+-------+----------------------
